 Dungeon Crawl Stone Soup version 0.21.1-1-g345015f (webtiles) character file.

30200 sking99 the Grappler (level 13, 0/130 HPs)
             Began as a Troll Monk on June 20, 2018.
             Splashed by an acid blob's acid (6 damage)
             ... on level 1 of the Pits of Slime.
             The game lasted 01:04:15 (12603 turns).

sking99 the Grappler (Troll Monk)                  Turns: 12603, Time: 01:04:16

Health: 0/130      AC: -5    Str: 23    XL:     13   Next: 19%
Magic:  0/12       EV: 15    Int:  6    God:
Gold:   927        SH: 12    Dex: 15    Spells: 12/12 levels left

rFire    . . .     SeeInvis .     - Unarmed
rCold    . . .     Gourm    +   o - +1 shield
rNeg     . . .     Faith    .   M - +0 troll leather armour
rPois    +         Spirit   +   (helmet restricted)
rElec    .         Reflect  .   n - scarf {Spirit}
rCorr    .         Harm     .   (gloves unavailable)
MR       .....                  (boots unavailable)
Stlth    ++........             k - amulet of regeneration
HPRegen  1.51/turn              L - ring of wizardry
MPRegen  0.13/turn              r - ring of poison resistance

@: corroded
A: large, unfitting armour, claws 3, fast metabolism 3, gourmand, regeneration
1, shaggy fur 1, tough skin 2
a: no special abilities


You were on level 1 of the Pits of Slime.
You were not hungry.

You visited 4 branches of the dungeon, and saw 19 of its levels.

You collected 927 gold pieces.

Inventory:

Hand Weapons
 y - the +8 long sword of Cucabagg {freeze, rPois Dex+4}
   (You found it on level 6 of the Dungeon)

   It has been specially enchanted to freeze those struck by it, causing extra
   injury to most foes and up to half again as much damage against particularly
   susceptible opponents.
   It can also slow down cold-blooded creatures.
   It affects your dexterity (+4).
   It protects you from poison.
 A - a +0 falchion of flaming
Armour
 a - a +0 robe
 n - a scarf of spirit shield (worn)
 o - a +1 shield (worn)
 q - a +2 robe of magic resistance
 w - a +1 robe of the Archmagi
 M - a +0 troll leather armour (worn)
 N - a +0 robe
Jewellery
 k - an amulet of regeneration (around neck)
 r - a ring of poison resistance (right claw)
 s - an uncursed ring of ice
 x - an uncursed ring of loudness
 L - a ring of wizardry (left claw)
 T - an uncursed amulet of magic regeneration
Wands
 p - a wand of paralysis (6)
 u - a wand of clouds (6)
 v - a wand of iceblast (21)
 D - a wand of polymorph (10)
 I - a wand of acid (4)
 P - a wand of disintegration (7)
Scrolls
 c - 2 scrolls of immolation
 d - 2 scrolls of teleportation
 f - a scroll of fear
 g - 2 scrolls of magic mapping
 C - a scroll of enchant armour
 E - 2 scrolls of amnesia
 F - a scroll of enchant weapon {unknown}
 H - 2 scrolls of fog
 J - a scroll of remove curse
 K - 3 scrolls of identify
Potions
 e - 2 potions of invisibility
 h - a potion of might {unknown}
 i - 2 potions of mutation {unknown}
 j - 3 potions of lignification
 l - a potion of berserk rage {unknown}
 m - a potion of ambrosia {unknown}
 t - 8 potions of curing
 z - 3 potions of degeneration
 B - 3 potions of haste
 G - 3 potions of heal wounds {unknown}
 O - a potion of brilliance {unknown}
Books
 S - a book of Power

   Spells                             Type                      Level
   a - Iskenderun's Battlesphere      Conjuration/Charms           5
   b - Venom Bolt                     Conjuration/Poison           5
   c - Bolt of Magma                  Conjuration/Fire/Earth       5
   d - Iron Shot                      Conjuration/Earth            6
   e - Orb of Destruction             Conjuration                  7
   f - Spellforged Servitor           Conjuration/Summoning        7
Miscellaneous
 R - a lamp of fire
Comestibles
 b - 36 rations


   Skills:
 * Level 8.8 Fighting
 + Level 9.0 Dodging
 - Level 1.1 Stealth
 + Level 8.6 Shields
 + Level 14.3 Unarmed Combat


You had 12 spell levels left.
You didn't know any spells.

Dungeon Overview and Level Annotations

Branches:
Dungeon (11/15)            Temple (1/1) D:4            Lair (6/6) D:10
  Slime (1/5) Lair:6
  Swamp: Lair:2-4    Shoals: Lair:2-4     Snake: Lair:2-4    Spider: Lair:2-4
    Orc: D:9-12

Altars:
Ashenzari
Dithmenos
Elyvilon
Fedhas
Gozag
Hepliaklqana
Kikubaaqudgha
Makhleb
Nemelex Xobeh
Okawaru
Qazlal
Ru
Sif Muna
Trog
Uskayaw
Vehumet
Wu Jian
Xom
Yredelemnul
Zin
The Shining One

Shops:
D:6 *

Annotations:
D:3 Sigmund
D:4 2 transporters
D:8 exclusion: statue
Lair:1 exclusion: oklob plant


Innate Abilities, Weirdness & Mutations

You are too large for most types of armour.
You have claws for hands.
Your metabolism is lightning-fast.
You like to eat raw meat.
Your natural rate of healing is unusually fast.
You are covered in fur. (AC +1)
You have very tough skin. (AC +2)


Message History

The acid burns!
You claw the acid blob!
Your claws burn!
The acid blob is heavily wounded.
The acid blob hits you!!
You are splashed with acid!
The acid burns!
You claw the acid blob!
Your claws burn!
The acid blob is heavily wounded.
You mangle the acid blob!!
Your claws burn!
The acid blob is almost dead.
The acid blob spits acid at you. The splash of acid hits you!
* * * LOW HITPOINT WARNING * * *
The acid corrodes you!
You are splashed with acid!
The acid burns!
* * * LOW HITPOINT WARNING * * *
You claw the acid blob!
Your claws burn!
* * * LOW HITPOINT WARNING * * *
The acid blob is almost dead.
The acid blob hits you!!
* * * LOW HITPOINT WARNING * * *
You are splashed with acid!
The acid burns!
You die...

......##.<.....#.
.#....#..........
.................
........>..##....
............###..
.............#.#.
#...............
.............#...
.....#.J@.....#..
.................
..........##....
.......... ....
#.....^.... ...
............ ..
..........#.#
.............


You could see an acid blob.

Vanquished Creatures
  A hydra (Lair:6)
  Harold (D:11)
  Erica (D:10)
  A catoblepas (Lair:6)
  A two-headed ogre (D:8)
  Sonja (D:11)
  The ghost of Kandryn the Cleaver, a novice MiFi of Okawaru (D:6)
  Pikel (D:5)
  A lindwurm (Lair:6)
  A centaur zombie (D:10)
  3 black mambas
  Psyche (D:8)
  4 gargoyles
  5 spiny frogs
  A torpor snail (Lair:2)
  7 komodo dragons
  A redback zombie (D:8)
  A hellwing (D:8)
  A harpy zombie (D:8)
  A polar bear (Lair:2)
  2 trolls
  Grinder (D:4)
  9 blink frogs
  2 hippogriffs
  2 dream sheep (Lair:2)
  A meliai zombie (D:8)
  4 slime creatures (D:11)
  3 wyverns
  35 yaks
  3 hogs (D:8)
  Eustachio (D:5)
  A basilisk (Lair:1)
  A human (D:8)
  A soldier ant (D:10)
  Menkaure (D:5)
  7 water moccasins
  Duvessa (D:4)
  An orc warrior (D:11)
  4 porcupines
  An ice beast (D:6)
  A black bear (D:8)
  An eye of draining (D:9)
  A phantom (D:9)
  A sky beast (D:7)
  A hornet zombie (D:6)
  A necrophage (D:9)
  8 ogres
  3 centaurs
  The ghost of dscm the Sneak, an amateur OpAs (D:4)
  6 crocodiles
  A big kobold (D:11)
  6 bullfrogs
  3 wyvern zombies
  Dowan (D:4)
  4 scorpions
  4 killer bees (D:8)
  3 howler monkeys
  An electric eel (Lair:1)
  3 crimson imps
  4 hounds
  2 bullfrog zombies
  5 jellies
  4 bullfrog skeletons
  13 orc priests
  3 centaur skeletons
  13 orc wizards
  Jessica (D:3)
  7 iguanas
  Ijyb (D:5)
  2 hell rats (Lair:1)
  6 worker ants
  A hound zombie (D:7)
  A hound skeleton (D:4)
  A worker ant zombie (D:5)
  A gnoll (D:1)
  11 adders
  6 river rats (Lair:1)
  7 shadow imps
  2 oozes
  6 worms
  4 leopard geckos
  37 orcs
  5 giant cockroaches
  4 goblins
  7 hobgoblins
  7 jackals
  9 kobolds
  2 quokkas
  2 bats
  8 frilled lizards
  A leopard gecko skeleton (D:7)
  A quokka skeleton (D:9)
  11 rats
  A plant (Lair:2)
362 creatures vanquished.

Vanquished Creatures (others)
  A hippogriff (Lair:6)
  2 slaves (D:5)
  A worker ant (D:5)
  A hound skeleton (D:5)
  A quokka (D:5)
  5 fungi
  34 plants
45 creatures vanquished.

Grand Total: 407 creatures vanquished

Notes
Turn   | Place    | Note
-------+----------+-------------------------------------------
     0 | D:1      | sking99 the Troll Monk began the quest for the Orb.
     0 | D:1      | Reached XP level 1. HP: 22/22 MP: 0/0
   287 | D:1      | Reached XP level 2. HP: 29/29 MP: 1/1
   664 | D:2      | Reached XP level 3. HP: 36/36 MP: 2/2
   808 | D:2      | Reached skill level 4 in Unarmed Combat
   808 | D:2      | Reached XP level 4. HP: 43/45 MP: 3/3
  1186 | D:2      | Found a bloodstained altar of Trog.
  1186 | D:2      | Found an iron altar of Okawaru.
  1534 | D:3      | Noticed Jessica
  1542 | D:3      | Killed Jessica
  1542 | D:3      | Reached XP level 5. HP: 53/53 MP: 2/4
  1814 | D:2      | Reached skill level 5 in Unarmed Combat
  1914 | D:3      | Found a hazy altar of Hepliaklqana.
  1918 | D:3      | Found an ancient bone altar of Kikubaaqudgha.
  1919 | D:3      | Found a sparkling altar of Nemelex Xobeh.
  1920 | D:3      | Found a blossoming altar of Fedhas.
  1920 | D:3      | Found a hide-covered altar of Uskayaw.
  1921 | D:3      | Found an opulent altar of Gozag.
  1923 | D:3      | Found a shattered altar of Ashenzari.
  2090 | D:3      | Reached XP level 6. HP: 37/61 MP: 2/5
  2305 | D:3      | Noticed Sigmund
  2383 | D:4      | Noticed dscm's ghost (amateur OpAs)
  2405 | D:4      | Reached skill level 1 in Shields
  2432 | D:4      | Noticed Grinder
  2439 | D:4      | Paralysed by Grinder for 4 turns
  2444 | D:4      | Killed Grinder
  2444 | D:4      | Reached skill level 6 in Unarmed Combat
  2480 | D:4      | Found a white marble altar of Elyvilon.
  2496 | D:4      | Reached XP level 7. HP: 64/67 MP: 6/6
  2543 | D:4      | Noticed Duvessa
  2543 | D:4      | Noticed Dowan
  2557 | D:4      | Killed Duvessa
  2564 | D:4      | Killed Dowan
  2686 | D:4      | Found a transporter.
  2751 | D:4      | Found a transporter.
  2833 | D:4      | Killed dscm's ghost
  2910 | D:4      | Found a staircase to the Ecumenical Temple.
  2917 | Temple   | Entered the Ecumenical Temple
  3272 | D:5      | Entered Level 5 of the Dungeon
  3277 | D:5      | Noticed Pikel
  3443 | D:5      | Killed Pikel
  3443 | D:5      | Reached skill level 7 in Unarmed Combat
  3443 | D:5      | Reached XP level 8. HP: 17/75 MP: 1/7
  3545 | D:5      | Reached skill level 8 in Unarmed Combat
  3565 | D:5      | Reached skill level 5 in Dodging
  4018 | D:5      | Noticed Ijyb
  4026 | D:5      | Killed Ijyb
  4052 | D:5      | Noticed Menkaure
  4057 | D:5      | Killed Menkaure
  4122 | D:5      | Noticed Eustachio
  4153 | D:5      | Killed Eustachio
  4463 | D:6      | Found Mowal's General Store.
  4572 | D:6      | Reached XP level 9. HP: 59/84 MP: 3/8
  4908 | D:6      | Noticed Kandryn's ghost (novice MiFi)
  4923 | D:6      | Killed Kandryn's ghost
  4923 | D:6      | Reached skill level 9 in Unarmed Combat
  5432 | D:6      | Got a crystal long sword
  5433 | D:6      | Identified the +8 long sword of Cucabagg {freeze, rPois Dex+4} (You found it on level 6 of the Dungeon)
  5634 | D:7      | Reached skill level 5 in Shields
  5814 | D:7      | Noticed a troll
  5827 | D:7      | Killed a troll
  5827 | D:7      | Reached skill level 5 in Fighting
  6056 | D:8      | Noticed a two-headed ogre
  6070 | D:8      | Killed a two-headed ogre
  6070 | D:8      | Reached skill level 10 in Unarmed Combat
  6070 | D:8      | Reached XP level 10. HP: 16/96 MP: 2/9
  6266 | D:8      | Noticed Psyche
  6276 | D:8      | Killed Psyche
  6335 | D:8      | Found a stormy altar of Qazlal.
  6485 | D:8      | Found a radiant altar of Vehumet.
  6605 | D:8      | Reached skill level 11 in Unarmed Combat
  7103 | D:9      | Reached XP level 11. HP: 101/105 MP: 8/10
  8066 | D:10     | Entered Level 10 of the Dungeon
  8118 | D:10     | Reached skill level 12 in Unarmed Combat
  8382 | D:10     | Noticed Erica
  8411 | D:10     | Killed Erica
  8448 | D:10     | Found a staircase to the Lair.
  8809 | D:11     | Found an ancient bone altar of Kikubaaqudgha.
  8897 | D:11     | Noticed Harold
  8927 | D:11     | Killed Harold
  8953 | D:11     | Noticed Sonja
  9047 | D:11     | Killed Sonja
  9253 | D:11     | Reached XP level 12. HP: 115/118 MP: 11/11
  9312 | D:11     | Reached skill level 13 in Unarmed Combat
  9983 | Lair:1   | Entered Level 1 of the Lair of Beasts
 11501 | Lair:6   | Entered Level 6 of the Lair of Beasts
 11616 | Lair:5   | Reached skill level 14 in Unarmed Combat
 11859 | Lair:6   | Reached XP level 13. HP: 95/128 MP: 7/12
 12471 | Lair:6   | Found a staircase to the Slime Pits.
 12586 | Slime:1  | Entered Level 1 of the Pits of Slime
 12590 | Slime:1  | Noticed an acid blob
 12603 | Slime:1  | HP: 6/130 [acid blob (18)]
 12603 | Slime:1  | Splashed by an acid blob's acid

Skill      XL: |  1  2  3  4  5  6  7  8  9 10 11 12 13 |
---------------+----------------------------------------+-----
Fighting       | 3 5 6 7 8 |  8.8
Dodging        | 3 4 5 6 7 8 9 |  9.0
Unarmed Combat | 4 5 6 7 8 10 11 12 14 | 14.3
Shields        | 1 3 5 6 7 8 |  8.6
Stealth        | |  1.1

Action                   |  1- 3 |  4- 6 |  7- 9 | 10-12 | 13-15 || total
-------------------------+-------+-------+-------+-------+-------++-------
Melee: Unarmed           |    76 |   130 |   263 |   854 |    79 ||  1402
       Punch             |     1 |       |       |       |       ||     1
       Falchion          |       |       |       |       |    11 ||    11
  Use: Scroll            |       |       |    11 |     8 |     4 ||    23
       Potion            |       |       |       |     1 |       ||     1
 Stab: Sleeping          |     3 |     3 |     1 |       |       ||     7
       Distracted        |       |       |     1 |       |       ||     1
       Petrified         |       |       |       |       |     1 ||     1
  Eat: Chunk             |    13 |    14 |    33 |    55 |       ||   115
Armor: Robe              |    21 |    44 |    40 |    48 |       ||   153
       Troll leather arm |       |       |       |    67 |    27 ||    94
Dodge: Dodged            |    30 |    51 |    93 |   359 |    90 ||   623
Block: Shield            |       |    58 |   110 |   453 |    83 ||   704
       Rpst.: Falchion   |       |       |       |       |     1 ||     1
